Map: Ascension to Aiur LE

Players

아이유

  • Race: Zerg Zerg
  • League: Grandmaster
  • Spawn Location: 5:00

IIIIIIIIIIII - Winner!

  • Race: Protoss Protoss
  • League: Grandmaster
  • Spawn Location: 11:00

VOD

Have the link to the VOD?

Description

Time

  • Played on: July 9, 2017, 10:25 p.m.
  • Length: 6:14
Show
View Real Time Build Order
Export as new Build Order

아이유 Zerg 

Build Orders: Hatch First 

Get SALT Encoding   

  12  0:01  Drone  
  13  0:13  Overlord  
  13  0:17  Drone  
  14  0:31  Drone x2  
  14  0:35  Drone  
  17  0:52  Hatchery  
  17  0:56  Drone  
  17  0:57  Drone  
  18  1:09  Extractor  
  17  1:13  Spawning Pool  
  17  1:17  Drone  
  17  1:20  Drone  
  18  1:30  Drone  
  19  1:41  Overlord  
  19  1:52  Drone  
  20  2:00  Queen  
  20  2:01  Zergling x2  
  23  2:04  Queen, Drone  
  26  2:09  Metabolic Boost  
  26  2:12  Drone  
  27  2:15  Drone  
  28  2:24  Drone  
  28  2:25  Drone  
  30  2:33  Drone  
  31  2:41  Hatchery  
  30  2:44  Drone  
  30  2:48  Pneumatized Carapace  
  30  2:49  Drone  
  33  2:51  Drone  
  33  3:00  Overlord  
  33  3:03  Drone  
  34  3:05  Drone  
  34  3:09  Drone  
  35  3:13  Overlord x2  
  35  3:18  Drone x2  
  35  3:19  Drone  
  38  3:22  Drone  
  38  3:23  Drone  
  40  3:31  Overlord  
  40  3:33  Extractor  
  40  3:34  Extractor  
  38  3:38  Lair  
  38  3:44  Drone x3  
  38  3:45  Drone  
  38  3:46  Drone x2  
  44  3:49  Extractor  
  44  3:50  Drone x2  
  44  3:55  Queen  
  47  4:00  Drone x2  
  47  4:01  Drone  
  50  4:03  Drone  
  50  4:09  Drone x3  
  54  4:18  Zergling x2  
  54  4:19  Zergling x10  
  60  4:28  Zergling x4  
  60  4:29  Zergling x4  
  64  4:37  Spire  
  64  4:38  Zergling x6  
  64  4:42  Overlord  
  66  4:45  Zergling x2  
  66  4:47  Zergling x8  
  71  4:57  Overseer  
  71  4:59  Overlord x2  
  71  5:01  Extractor  
  71  5:02  Drone x3  
  71  5:04  Drone  
  74  5:20  Drone x3  
  77  5:22  Zergling x8  
  73  5:36  Zergling x12  
  73  5:37  Queen  
  81  5:47  Overlord x2  
Show
View Real Time Build Order
Export as new Build Order

IIIIIIIIIIII Protoss - Winner!

Build Orders: 1 Gate Expand, Zealot Archon 

Get SALT Encoding   

  12  0:00  Probe (Chrono Boost)  
  13  0:11  Probe (Chrono Boost)  
  14  0:17  Pylon  
  14  0:22  Probe (Chrono Boost)  
  15  0:35  Probe (Chrono Boost)  
  16  0:36  Gateway  
  16  0:41  Assimilator  
  16  0:46  Probe (Chrono Boost)  
  17  0:56  Probe (Chrono Boost)  
  18  1:07  Probe (Chrono Boost)  
  19  1:18  Nexus  
  19  1:22  Probe (Chrono Boost)  
  20  1:31  Cybernetics Core  
  20  1:34  Probe (Chrono Boost)  
  20  1:39  Assimilator  
  21  1:45  Probe (Chrono Boost)  
  22  1:51  Pylon  
  22  1:55  Probe (Chrono Boost)  
  23  2:09  Probe (Chrono Boost)  
  23  2:10  Warp Gate  
  23  2:11  Stalker (Chrono Boost)  
  26  2:21  Twilight Council, Probe  
  27  2:29  Probe  
  27  2:33  Probe (Chrono Boost)  
  29  2:37  Zealot (Chrono Boost)  
  29  2:41  Probe (Chrono Boost)  
  32  2:45  Probe (Chrono Boost)  
  33  2:52  Probe (Chrono Boost)  
  33  2:55  Probe (Chrono Boost)  
  35  3:02  Gateway  
  35  3:03  Charge, Probe (Chrono Boost)  
  36  3:06  Probe (Chrono Boost)  
  37  3:13  Robotics Facility  
  37  3:19  Probe (Chrono Boost)  
  39  3:23  Probe (Chrono Boost)  
  39  3:26  Gateway  
  39  3:30  Probe (Chrono Boost)  
  39  3:33  Probe (Chrono Boost)  
  41  3:40  Probe (Chrono Boost), Assimilator  
  42  3:43  Pylon  
  42  3:44  Probe (Chrono Boost), Assimilator  
  43  3:49  Pylon  
  43  3:51  Probe (Chrono Boost)  
  43  3:54  Probe (Chrono Boost)  
  45  4:00  Probe (Chrono Boost)  
  45  4:01  Warp Prism (Chrono Boost)  
  48  4:05  Probe  
  48  4:08  Gateway  
  49  4:10  Templar Archives  
  49  4:11  Probe  
  50  4:21  Probe  
  50  4:22  Zealot  
  50  4:23  Zealot  
  56  4:25  Zealot  
  56  4:26  Probe  
  58  4:32  Probe  
  58  4:33  Observer (Chrono Boost)  
  58  4:38  Pylon, Probe  
  61  4:41  Pylon  
  61  4:42  Pylon  
  61  4:44  Probe  
  62  4:58  High Templar x2  
  66  5:07  High Templar  
  66  5:08  High Templar, Pylon, Archon  
  66  5:12  Forge, Archon  
  66  5:13  Gateway  
  70  5:15  Probe x2  
  70  5:20  Immortal  
  75  5:32  Zealot x2  
  79  5:36  Probe x2  
  79  5:40  Gateway  
  79  5:41  High Templar x2  
  85  5:45  Archon  
  85  5:54  Probe  
  85  5:55  Nexus  
  86  5:58  Pylon  
  84  6:12  Zealot  
Tags
 
Add a new tag
Caveats
  • Supply blocks, unpowered buildings, or Contaminate may cause inaccurate times.
  • Supply counts are checked every 10 seconds.